 Dungeon Crawl Stone Soup version 0.23-a0-814-g91b4073 (webtiles) character file.

2161 tidbits the Magician (level 9, -2/103 HPs)
             Began as a Gnoll Skald on Jan 21, 2019.
             Was a Follower of Cheibriados.
             Killed by divine providence
             ... invoked by an orc priest
              (13 damage)
             ... on level 7 of the Dungeon.
             The game lasted 00:25:17 (2375 turns).

tidbits the Magician (Gnoll Skald)                  Turns: 2375, Time: 00:25:18

Health: -2/103     AC: 24    Str: 12 (15) XL:     9   Next: 32%
Magic:  12/18      EV:  2    Int: 19 (21) God:    Cheibriados [*.....]
Gold:   41         SH:  0    Dex: 14 (17) Spells: 10/21 levels left

rFire    . . .     SeeInvis .   a - +0 trident (pierce)
rCold    . . .     Gourm    .   (no shield)
rNeg     + + +     Faith    .   (armour currently unavailable)
rPois    +         Spirit   .   (helmet currently unavailable)
rElec    .         Reflect  .   (cloak currently unavailable)
rCorr    .         Harm     .   (gloves currently unavailable)
MR       .....     NoTele   +   (boots currently unavailable)
Stlth    +++.......             (no amulet)
HPRegen  0.27/turn              P - ring of poison resistance
MPRegen  0.16/turn              (no ring)

@: tree-form, singing (expiring), very slow
A: distributed training, strong nose
a: Bend Time, Renounce Religion


You were on level 7 of the Dungeon.
You worshipped Cheibriados.
Cheibriados was aware of your devotion.
You were full.
You were a tree.
You visited 2 branches of the dungeon, and saw 9 of its levels.
You also visited: Sewer.

You collected 223 gold pieces.
You spent 182 gold pieces at shops.

Inventory:

Hand Weapons
 a - a +0 trident of piercing (weapon)
   (You bought it in a shop on level 5 of the Dungeon)
 i - a +4 mace
 m - a +0 war axe
 w - a +2 morningstar of holy wrath
   (You took it off an orc on level 3 of the Dungeon)
 z - a +0 spear
 D - a +0 trident
 H - a +3 hand axe
 J - a +0 shortbow
Missiles
 b - 6 javelins
 c - 7 tomahawks (quivered)
 f - 38 sling bullets
 g - 28 stones
 k - 36 bolts
 l - 44 arrows
Armour
 h - a +0 ring mail
 x - a +0 ring mail
 B - a +0 leather armour (melded)
 C - a +0 cloak (melded)
 E - a +0 helmet (melded)
Magical Staves
 O - an uncursed staff of cold {unknown}
   (You found it on level 7 of the Dungeon)
Jewellery
 y - an uncursed amulet of the gourmand
   (You took it off an orc on level 3 of the Dungeon)
 I - an uncursed ring of fire
   (You took it off a crimson imp on level 5 of the Dungeon)
 K - an uncursed ring of teleportation
   (You found it on level 6 of the Dungeon)
 P - a ring of poison resistance (left branch)
   (You found it on level 1 of the Dungeon)
Wands
 F - a wand of flame (13)
Scrolls
 n - a scroll of noise
 q - a scroll of blinking
 r - a scroll of remove curse
 s - a scroll of amnesia
 t - 4 scrolls of teleportation
 A - a scroll of fog
Potions
 e - a potion of lignification
 j - 2 potions of degeneration
 o - a potion of cancellation {unknown}
 p - a potion of agility {unknown}
 u - a potion of curing {unknown}
 G - 3 potions of might {unknown}
 L - a potion of brilliance
 M - a potion of flight {unknown}
 N - a potion of mutation {unknown}
Comestibles
 d - 5 rations


   Skills:
 + Level 6.2 Fighting
 + Level 4.0 Short Blades
 + Level 4.0 Long Blades
 + Level 4.0 Axes
 + Level 4.0 Maces & Flails
 + Level 6.2 Polearms
 + Level 4.0 Staves
 + Level 4.0 Slings
 + Level 4.0 Bows
 + Level 4.0 Crossbows
 + Level 4.0 Throwing
 + Level 4.9 Armour
 + Level 6.2 Dodging
 + Level 4.0 Stealth
 + Level 4.0 Shields
 + Level 4.0 Unarmed Combat
 + Level 6.5 Spellcasting
 + Level 3.3 Conjurations
 + Level 3.3 Hexes
 + Level 6.4 Charms
 + Level 3.3 Summonings
 + Level 3.3 Necromancy
 + Level 3.3 Translocations
 + Level 3.3 Transmutations
 + Level 3.3 Fire Magic
 + Level 3.3 Ice Magic
 + Level 3.3 Air Magic
 + Level 3.3 Earth Magic
 + Level 3.3 Poison Magic
 + Level 4.4 Invocations
 + Level 4.0 Evocations


You had 10 spell levels left.
You knew the following spells:

 Your Spells              Type           Power        Failure   Level  Hunger
g - Shroud of Golubria    Chrm/Tloc      ###.......   2%          2    None
i - Infusion              Chrm           ####         1%          1    None
r - Regeneration          Chrm/Necr      ###.......   4%          3    ##.....
w - Spectral Weapon       Hex/Chrm       ###.....     4%          3    ##.....
y - Song of Slaying       Chrm           ####....     1%          2    None

Your spell library contained the following spells:

 Spells                   Type           Power        Failure   Level  Hunger


Dungeon Overview and Level Annotations

Branches:
Dungeon (8/15)             Temple (1/1) D:6
   Lair: D:8-11

Altars:
Ashenzari
Cheibriados
Elyvilon
Okawaru
Wu Jian
Zin
The Shining One

Shops:
D:5 (


Innate Abilities, Weirdness & Mutations

Your experience applies equally to all skills.
((You have very sharp teeth.))
Your uncanny sense of smell can sniff out nearby items.


Message History

Attack whom?
Press: ? - help, Dir - move target cursor, f/p - orc priest
Aim: an orc priest Something you can't see is in the way.
You closely miss something.
An orc comes into view. It is wielding a +0 flail.
Something closely misses you.
The gnoll hits you from afar with a +0 halberd!
Unknown command.
You miss something. You bite something. Something barely misses you.
The orc priest mumbles some strange prayers to Beogh against you.
You closely miss something.
The gnoll hits you from afar with a +0 halberd.
Something hits you.
* * * LOW HITPOINT WARNING * * *
Something shocks you.
* * * LOW HITPOINT WARNING * * *
Unknown command.
Attack whom?
Press: ? - help, Dir - move target cursor, f - orc, p - orc priest
Aim: an orc, wielding a +0 flail You reach to attack!
You hit the orc.
You kill the orc!
Cheibriados thoroughly appreciates the change of pace.
The gnoll barely misses you.
An orc comes into view. It is wielding a +0 mace.
The orc priest mumbles some strange prayers to Beogh against you.
Beogh smites you!
* * * LOW HITPOINT WARNING * * *
Something hits you but does no damage.
Unknown command.
You feel much better. The gnoll completely misses you.
Something hits you but does no damage.
Unknown command.
Evoke which item? (* to show all) (? for menu, Esc to quit)
Aiming: Throw Flame
Press: ? - help, Shift-Dir - straight line, f - orc priest
Aim: an orc priest The puff of flame hits the orc priest.
The orc priest is lightly wounded.
You hear a shout!
Something hits you but does no damage.
The gnoll hits you from afar with a +0 halberd!
* * * LOW HITPOINT WARNING * * *
You hear a shout!
Unknown command.
Unknown command.
You closely miss something. You bite something.
The orc hits your spectral weapon with a +0 mace.
Your spectral weapon shares its damage with you!
* * * LOW HITPOINT WARNING * * *
Something barely misses you. The gnoll barely misses you.
Unknown command.
You closely miss something.
The orc hits your spectral weapon with a +0 mace.
Your spectral weapon shares its damage with you!
* * * LOW HITPOINT WARNING * * *
Something hits you.
* * * LOW HITPOINT WARNING * * *
Something shocks you.
* * * LOW HITPOINT WARNING * * *
Unknown command.
As you read the scroll labeled ERROAH FEOTWU, it crumbles to dust.
You feel strangely unstable.
It was a scroll of teleportation.
Your song is almost over.
The gnoll barely misses you. Something hits you but does no damage.
The orc hits your spectral weapon with a +0 mace.
Your spectral weapon shares its damage with you!
* * * LOW HITPOINT WARNING * * *
An orc warrior comes into view. It is wielding a +0 long sword.
Unknown command.
You miss something.
An orc priest comes into view. It is wielding a +0 short sword.
The gnoll misses you. Something hits you.
* * * LOW HITPOINT WARNING * * *
Something shocks you.
* * * LOW HITPOINT WARNING * * *
Unknown command.
Unknown command.
It was a potion of lignification.
You turn into a tree.
Your +0 cloak melds into your body.
Your +0 helmet melds into your body.
Your +0 leather armour melds into your body.
Your roots penetrate the ground.
You feel strangely stable. The orc misses your spectral weapon.
The orc priest looks encouraged for a moment.
The gnoll hits you but does no damage. Something hits you but does no damage.
You completely miss something.
Your spectral weapon fades away.
Something hits you but does no damage. The gnoll hits you but does no damage.
Unknown command.
Unknown command.
Okay, then.
Unknown command.
It was a potion of degeneration.
There was something very wrong with that liquid.
You feel weakened.
You feel dopey.
You feel clumsy. The orc hits you but does no damage.
Something hits you but does no damage.
The orc priest invokes the aid of Beogh against you.
Beogh smites you!
You die...

#....# #.# #....#
#.# #.#..# #.#
#.#..##### #.# #
#<#......# #§#
##.# ###......#
#§# .....
#..>...# #§#
....oo#####.....#
#§#
....og{♣oo..#####
#§# .....o#######
#§# ..... #§###
.... #§§§. ...
##### .. .


You could see an orc warrior, 2 orc priests, a gnoll and 3 orcs.

Vanquished Creatures
  A gargoyle (D:7)
  A black bear (D:6)
  3 sky beasts
  An orc warrior (D:5)
  An ogre (D:5)
  2 centaurs
  2 bullfrogs
  A gnoll sergeant (D:7)
  4 scorpions
  2 howler monkeys (D:7)
  2 crimson imps
  2 bullfrog zombies (D:5)
  A hound (D:4)
  An orc priest (D:7)
  A bullfrog skeleton (D:7)
  An orc wizard (D:7)
  2 iguanas
  2 worker ants
  A worker ant zombie (D:5)
  4 gnolls
  13 adders
  8 oozes
  An adder skeleton (D:7)
  An adder zombie (D:6)
  2 worms (D:2)
  6 dart slugs
  11 leopard geckos
  12 orcs
  14 giant cockroaches
  5 goblins
  6 hobgoblins
  5 jackals
  8 kobolds
  2 quokkas (D:2)
  18 ball pythons
  7 bats
  14 frilled lizards
  2 leopard gecko skeletons
  A quokka skeleton (D:6)
  4 rats
175 creatures vanquished.

Notes
Turn   | Place    | Note
-------+----------+-------------------------------------------
     0 | D:1      | tidbits the Gnoll Skald began the quest for the Orb.
     0 | D:1      | Reached XP level 1. HP: 20/20 MP: 6/6
    53 | D:1      | Reached XP level 2. HP: 22/26 MP: 2/7
    64 | D:1      | Learned a level 2 spell: Shroud of Golubria
    67 | D:1      | Learned a level 2 spell: Song of Slaying
   261 | D:2      | Reached XP level 3. HP: 25/31 MP: 1/9
   266 | D:2      | Reached skill level 5 in Spellcasting
   273 | D:2      | Learned a level 3 spell: Regeneration
   277 | D:2      | Learned a level 3 spell: Spectral Weapon
   350 | D:2      | Reached skill level 1 in Invocations
   434 | D:2      | Reached skill level 1 in Short Blades
   434 | D:2      | Reached skill level 1 in Long Blades
   434 | D:2      | Reached skill level 1 in Axes
   434 | D:2      | Reached skill level 1 in Maces & Flails
   434 | D:2      | Reached skill level 1 in Staves
   434 | D:2      | Reached skill level 1 in Slings
   434 | D:2      | Reached skill level 1 in Bows
   434 | D:2      | Reached skill level 1 in Crossbows
   434 | D:2      | Reached skill level 1 in Throwing
   434 | D:2      | Reached skill level 1 in Stealth
   434 | D:2      | Reached skill level 1 in Shields
   434 | D:2      | Reached skill level 1 in Unarmed Combat
   434 | D:2      | Reached skill level 1 in Evocations
   434 | D:2      | Reached XP level 4. HP: 38/38 MP: 0/11
   676 | D:3      | Found a glowing drain.
   681 | Sewer    | Entered a sewer
   689 | Sewer    | Reached skill level 1 in Conjurations
   689 | Sewer    | Reached skill level 1 in Hexes
   689 | Sewer    | Reached skill level 1 in Summonings
   689 | Sewer    | Reached skill level 1 in Necromancy
   689 | Sewer    | Reached skill level 1 in Translocations
   689 | Sewer    | Reached skill level 1 in Transmutations
   689 | Sewer    | Reached skill level 1 in Fire Magic
   689 | Sewer    | Reached skill level 1 in Ice Magic
   689 | Sewer    | Reached skill level 1 in Air Magic
   689 | Sewer    | Reached skill level 1 in Earth Magic
   689 | Sewer    | Reached skill level 1 in Poison Magic
   713 | Sewer    | Reached XP level 5. HP: 26/43 MP: 9/12
   812 | Sewer    | Reached skill level 3 in Armour
   974 | Sewer    | Reached skill level 2 in Invocations
   974 | Sewer    | Reached XP level 6. HP: 37/50 MP: 7/14
  1273 | D:4      | Reached skill level 5 in Fighting
  1273 | D:4      | Reached skill level 5 in Polearms
  1273 | D:4      | Reached skill level 5 in Dodging
  1316 | D:4      | Reached skill level 2 in Short Blades
  1316 | D:4      | Reached skill level 2 in Long Blades
  1316 | D:4      | Reached skill level 2 in Axes
  1316 | D:4      | Reached skill level 2 in Maces & Flails
  1316 | D:4      | Reached skill level 2 in Staves
  1316 | D:4      | Reached skill level 2 in Slings
  1316 | D:4      | Reached skill level 2 in Bows
  1316 | D:4      | Reached skill level 2 in Crossbows
  1316 | D:4      | Reached skill level 2 in Throwing
  1316 | D:4      | Reached skill level 2 in Stealth
  1316 | D:4      | Reached skill level 2 in Shields
  1316 | D:4      | Reached skill level 2 in Unarmed Combat
  1316 | D:4      | Reached skill level 2 in Evocations
  1620 | D:5      | Entered Level 5 of the Dungeon
  1638 | D:5      | Found Nen Jem's Antique Weapon Emporium.
  1638 | D:5      | Noticed an orc warrior
  1648 | D:5      | Killed an orc warrior
  1648 | D:5      | Reached XP level 7. HP: 20/56 MP: 7/15
  1673 | D:5      | Bought a glowing trident for 182 gold pieces
  1761 | D:4      | Found a glowing silver altar of Zin.
  1761 | D:4      | Found a glowing golden altar of the Shining One.
  1762 | D:4      | Found a white marble altar of Elyvilon.
  1807 | D:5      | Found an iron altar of Okawaru.
  1815 | D:5      | Reached skill level 2 in Conjurations
  1815 | D:5      | Reached skill level 2 in Hexes
  1815 | D:5      | Reached skill level 2 in Summonings
  1815 | D:5      | Reached skill level 2 in Necromancy
  1815 | D:5      | Reached skill level 2 in Translocations
  1815 | D:5      | Reached skill level 2 in Transmutations
  1815 | D:5      | Reached skill level 2 in Fire Magic
  1815 | D:5      | Reached skill level 2 in Ice Magic
  1815 | D:5      | Reached skill level 2 in Air Magic
  1815 | D:5      | Reached skill level 2 in Earth Magic
  1815 | D:5      | Reached skill level 2 in Poison Magic
  1869 | D:6      | Reached skill level 3 in Invocations
  1923 | D:6      | Reached XP level 8. HP: 63/63 MP: 10/16
  1943 | D:5      | Reached skill level 6 in Charms
  1961 | D:5      | Reached skill level 3 in Short Blades
  1961 | D:5      | Reached skill level 3 in Long Blades
  1961 | D:5      | Reached skill level 3 in Axes
  1961 | D:5      | Reached skill level 3 in Maces & Flails
  1961 | D:5      | Reached skill level 3 in Staves
  1961 | D:5      | Reached skill level 3 in Slings
  1961 | D:5      | Reached skill level 3 in Bows
  1961 | D:5      | Reached skill level 3 in Crossbows
  1961 | D:5      | Reached skill level 3 in Throwing
  1961 | D:5      | Reached skill level 4 in Armour
  1961 | D:5      | Reached skill level 3 in Stealth
  1961 | D:5      | Reached skill level 3 in Shields
  1961 | D:5      | Reached skill level 3 in Unarmed Combat
  1961 | D:5      | Reached skill level 3 in Evocations
  2040 | D:6      | Found a staircase to the Ecumenical Temple.
  2044 | D:6      | Reached skill level 6 in Spellcasting
  2055 | Temple   | Entered the Ecumenical Temple
  2091 | Temple   | Became a worshipper of Cheibriados the Contemplative
  2279 | D:7      | Reached skill level 4 in Invocations
  2288 | D:7      | Reached skill level 3 in Conjurations
  2288 | D:7      | Reached skill level 3 in Hexes
  2288 | D:7      | Reached skill level 3 in Summonings
  2288 | D:7      | Reached skill level 3 in Necromancy
  2288 | D:7      | Reached skill level 3 in Translocations
  2288 | D:7      | Reached skill level 3 in Transmutations
  2288 | D:7      | Reached skill level 3 in Fire Magic
  2288 | D:7      | Reached skill level 3 in Ice Magic
  2288 | D:7      | Reached skill level 3 in Air Magic
  2288 | D:7      | Reached skill level 3 in Earth Magic
  2288 | D:7      | Reached skill level 3 in Poison Magic
  2288 | D:7      | Noticed a gargoyle
  2296 | D:7      | Reached * piety under Cheibriados
  2296 | D:7      | Reached XP level 9. HP: 60/69 MP: 15/18
  2303 | D:7      | Killed a gargoyle
  2303 | D:7      | Reached skill level 6 in Fighting
  2303 | D:7      | Reached skill level 6 in Polearms
  2303 | D:7      | Reached skill level 6 in Dodging
  2307 | D:7      | HP: 3/69 [something (6)]
  2311 | D:7      | Reached skill level 4 in Short Blades
  2311 | D:7      | Reached skill level 4 in Long Blades
  2311 | D:7      | Reached skill level 4 in Axes
  2311 | D:7      | Reached skill level 4 in Maces & Flails
  2311 | D:7      | Reached skill level 4 in Staves
  2311 | D:7      | Reached skill level 4 in Slings
  2311 | D:7      | Reached skill level 4 in Bows
  2311 | D:7      | Reached skill level 4 in Crossbows
  2311 | D:7      | Reached skill level 4 in Throwing
  2311 | D:7      | Reached skill level 4 in Stealth
  2311 | D:7      | Reached skill level 4 in Shields
  2311 | D:7      | Reached skill level 4 in Unarmed Combat
  2311 | D:7      | Reached skill level 4 in Evocations
  2375 | D:7      | Killed from afar by an orc priest

Vault maps used:
D:1:      ncdulo_halloftheorcs
D:2:      minmay_thinvault, fedhas_altar_4, chequers_ecumenical_altar_lobes
D:3:      portal_sewer_entry_e
D:4:      minmay_spotlight, good_gods_temple_1, first_ration,
          hangedman_decor_push
D:5:      okawaru_ov_weapons_minmay, serial_shops, shop,
          chequers_serial_rivers_small_b
D:6:      temple_green, serial_rivers, chequers_serial_rivers_small_b,
          chequers_serial_rivers_micro_a, chequers_serial_rivers_micro_a,
          chequers_serial_rivers_room_b, chequers_serial_rivers_small_a,
          chequers_serial_rivers_small_a, grunt_ministairs_13,
          nicolae_ru_sacrificial_ziggurat
D:7:      serial_shops, shop, shop_coins, kennysheep_little_box
D:8:      kennysheep_mini, grunt_livestock
Temple:   minmay_temple_curvy_branch
Sewer:    sewer_frog_island_02

Skill      XL: |  1  2  3  4  5  6  7  8  9 |
---------------+----------------------------+-----
Spellcasting   | 5 6 |  6.5
Invocations    | 1 2 3 4 |  4.4
Short Blades   | 1 2 3 4 |  4.0
Long Blades    | 1 2 3 4 |  4.0
Axes           | 1 2 3 4 |  4.0
Maces & Flails | 1 2 3 4 |  4.0
Staves         | 1 2 3 4 |  4.0
Slings         | 1 2 3 4 |  4.0
Bows           | 1 2 3 4 |  4.0
Crossbows      | 1 2 3 4 |  4.0
Throwing       | 1 2 3 4 |  4.0
Stealth        | 1 2 3 4 |  4.0
Shields        | 1 2 3 4 |  4.0
Unarmed Combat | 1 2 3 4 |  4.0
Evocations     | 1 2 3 4 |  4.0
Conjurations   | 1 2 3 |  3.3
Hexes          | 1 2 3 |  3.3
Summonings     | 1 2 3 |  3.3
Necromancy     | 1 2 3 |  3.3
Translocations | 1 2 3 |  3.3
Transmutations | 1 2 3 |  3.3
Fire Magic     | 1 2 3 |  3.3
Ice Magic      | 1 2 3 |  3.3
Air Magic      | 1 2 3 |  3.3
Earth Magic    | 1 2 3 |  3.3
Poison Magic   | 1 2 3 |  3.3
Armour         | 3 4 |  4.9
Fighting       | 5 6 |  6.2
Polearms       | 5 6 |  6.2
Dodging        | 5 6 |  6.2
Charms         | 6 |  6.4

Action                   |  1- 3 |  4- 6 |  7- 9 || total
-------------------------+-------+-------+-------++-------
Melee: Spear             |    53 |   212 |       ||   265
       Bite              |       |    18 |    11 ||    29
       Trident           |       |    12 |   143 ||   155
       Punch             |       |     1 |     1 ||     2
Throw: Stone             |       |     1 |       ||     1
 Cast: Infusion          |     6 |       |       ||     6
       Spectral Weapon   |     5 |    28 |    19 ||    52
       Song of Slaying   |       |     6 |     3 ||     9
       Shroud of Golubri |       |     5 |     4 ||     9
       Regeneration      |       |     1 |     4 ||     5
Evoke: Wand              |       |       |     1 ||     1
  Use: Scroll            |       |     8 |     5 ||    13
       Potion            |       |       |     4 ||     4
 Stab: Sleeping          |     2 |     2 |     2 ||     6
       Distracted        |       |     1 |     2 ||     3
  Eat: Chunk             |       |     4 |       ||     4
       Ration            |       |     1 |     2 ||     3
Armor: Leather armour    |     7 |    34 |    27 ||    68
       Skin              |       |       |     6 ||     6
Dodge: Dodged            |    31 |   120 |    81 ||   232

Table legend:
 A = Non-vault XP
 B = Vault XP
 C = Vault XP percentage of total XP
 D = Non-vault monster count
 E = Vault monster count
 F = Vault count percentage of total count
                 A         B        C        D         E       F
            +---------+---------+-------+---------+---------+-------
      Total |    2487 |     601 |  19.5 |      99 |      76 |  43.4
            +---------+---------+-------+---------+---------+-------
        D:1 |      19 |       0 |   0.0 |      10 |       0 |   0.0
        D:2 |      19 |      86 |  81.9 |       9 |      14 |  60.9
        D:3 |      55 |       0 |   0.0 |      20 |       0 |   0.0
        D:4 |     161 |       2 |   1.2 |      10 |       1 |   9.1
        D:5 |     715 |       0 |   0.0 |      19 |       0 |   0.0
        D:6 |     369 |     241 |  39.5 |      12 |       2 |  14.3
        D:7 |    1149 |       0 |   0.0 |      19 |       0 |   0.0
      Sewer |       0 |     272 | 100.0 |       0 |      59 | 100.0
            +---------+---------+-------+---------+---------+-------

Table legend:
 A = Turns spent in this place as a percentage of turns spent in the entire game.
 B = Non-inter-level travel turns spent in this place as a percentage of non-inter-level travel turns spent in the entire game.
 C = Inter-level travel turns spent in this place as a percentage of turns spent in this place.
 D = Turns resting spent in this place as a percentage of non-inter-level travel turns spent in this place.
 E = Turns spent auto-exploring this place as a percentage of non-inter-level travel turns spent in this place.
 F = Non-inter-level travel turns spent in this place divided by the number of levels of this place that you've seen.
                   A       B       C       D       E      F
               +-------+-------+-------+-------+-------+----------------------
         Total | 100.0 | 100.0 |   3.6 |   0.0 |   0.0 | 228.9
       Dungeon |  84.0 |  84.4 |   3.1 |   0.0 |   0.0 | 241.6
        Temple |   2.6 |   1.7 |  38.7 |   0.0 |   0.0 |  38.0
         Sewer |  13.4 |  13.9 |   0.0 |   0.0 |   0.0 | 318.0
               +-------+-------+-------+-------+-------+----------------------

Table legend:
 A = Kills in this place as a percentage of kills in entire the game.
 B = Kills by you in this place as a percentage of kills by you in the entire game.
 C = Kills by friends in this place as a percentage of kills by friends in the entire game.
 D = Other kills in this place as a percentage of other kills in the entire game.
 E = Experience gained in this place as a percentage of experience gained in the entire game.
 F = Experience gained in this place divided by the number of levels of this place that you have seen.
                   A       B       C       D       E      F
               +-------+-------+-------+-------+-------+----------------------
         Total | 100.0 | 100.0 |   N/A |   N/A | 100.0 | 308.8
       Dungeon |  66.3 |  66.3 |   N/A |   N/A |  91.2 | 352.0
         Sewer |  33.7 |  33.7 |   N/A |   N/A |   8.8 | 272.0
               +-------+-------+-------+-------+-------+----------------------

Vault maps used:
D:1:      ncdulo_halloftheorcs
D:2:      minmay_thinvault, fedhas_altar_4, chequers_ecumenical_altar_lobes
D:3:      portal_sewer_entry_e
D:4:      minmay_spotlight, good_gods_temple_1, first_ration,
          hangedman_decor_push
D:5:      okawaru_ov_weapons_minmay, serial_shops, shop,
          chequers_serial_rivers_small_b
D:6:      temple_green, serial_rivers, chequers_serial_rivers_small_b,
          chequers_serial_rivers_micro_a, chequers_serial_rivers_micro_a,
          chequers_serial_rivers_room_b, chequers_serial_rivers_small_a,
          chequers_serial_rivers_small_a, grunt_ministairs_13,
          nicolae_ru_sacrificial_ziggurat
D:7:      serial_shops, shop, shop_coins, kennysheep_little_box
D:8:      kennysheep_mini, grunt_livestock
Temple:   minmay_temple_curvy_branch
Sewer:    sewer_frog_island_02
